 Dungeon Crawl Stone Soup version 0.20.0-14-g326068f (webtiles) character file.

123 Rrauwl the Sneak (level 5, -2/37 HPs)
             Began as a Halfling Assassin on June 8, 2017.
             Slain by a big kobold
             ... wielding a +1 dagger of speed
              (6 damage)
             ... on level 3 of the Dungeon.
             The game lasted 00:06:07 (2312 turns).

Rrauwl the Sneak (Halfling Assassin)                Turns: 2312, Time: 00:06:08

Health: -2/37      AC:  4    Str: 13    XL:     5   Next: 28%
Magic:  5/5        EV: 14    Int:  9    God:
Gold:   98         SH:  0    Dex: 16    Spells: 4/4 levels left

rFire    + . .     SeeInvis .   a - +2 dagger
rCold    + . .     Gourm    .   (shield restricted)
rNeg     . . .     Faith    .   c - +0 robe
rPois    +         Spirit   .   (no helmet)
rElec    +         Reflect  .   d - +0 cloak
rCorr    +         Harm     .   (no gloves)
MR       .....                  t - +0 pair of boots
Stlth    +++.......             (no amulet)
Regen    0.2/turn               (no ring)
MPRegen  0.1/turn               (no ring)

@: resistant, flying (expiring)
A: mutation resistance 1
a: no special abilities


You were on level 3 of the Dungeon.
You were hungry.

You visited 1 branch of the dungeon, and saw 3 of its levels.

You collected 98 gold pieces.

Inventory:

Hand Weapons
 a - a +2 dagger (weapon)
 b - a +0 blowgun
Missiles
 e - 22 poisoned needles
 f - 2 curare-tipped needles
 l - 25 stones (quivered)
 s - 21 sling bullets
Armour
 c - a +0 robe (worn)
 d - a +0 cloak (worn)
 t - a +0 pair of boots (worn)
Wands
 r - a wand of clouds (5/9)
Scrolls
 h - a scroll of identify
 i - a scroll of immolation {unknown}
 n - a scroll of noise {unknown}
Comestibles
 g - 3 bread rations
 k - a fruit
 m - a royal jelly
 o - a meat ration
 q - 3 chunks of flesh


   Skills:
 + Level 4.2 Fighting
 - Level 2.4 Short Blades
 - Level 2.0 Throwing
 - Level 1.1 Dodging
 - Level 5.0 Stealth


You had 4 spell levels left.
You didn't know any spells.

Dungeon Overview and Level Annotations

Branches:
Dungeon (3/15)

Altars:


Innate Abilities, Weirdness & Mutations

You are small and have problems with some larger weapons.
You are somewhat resistant to further mutation.


Message History

The big kobold is severely wounded.
The big kobold hits you with a dagger of speed.
* * * LOW HITPOINT WARNING * * *
You miss the big kobold.
The big kobold is severely wounded.
The big kobold hits you with a dagger of speed.
* * * LOW HITPOINT WARNING * * *
Okay, then.
Evoke which item? (* to show all) (? for menu, Esc to quit)
Aiming: Cloud Cone
Press: ? - help, Dir - move target cursor, f - big kobold
Aim: a big kobold, wielding a dagger of speed (severely wounded)
You create a blast of noxious fumes!
This wand has 5 charges left.
The big kobold is engulfed in noxious fumes.
The big kobold appears confused.
The big kobold is engulfed in noxious fumes.
The big kobold appears confused.
You are starting to lose your buoyancy.
The big kobold hits you with a dagger of speed.
You die...

#.####### #.# #.####### #.#
#.#.....# #.# ##.......# #)#
.........### #.# ...........#
#.##############
.........#)####...........)..####
.#######.....)).K................
)...#....#...#.#@###.#####[....##
..#.#.#)###..#<#.###.# ###.#.#.##
.##.#.##..#..#.....#.# #........#
#.#...#.#≈#..#.#.#.#.# #.#.#.#..#
#..###..≈≈#..##..#.#.# #.#......#
#.#.#..#≈≈##..####.#.# #.###.##.#
#.##.#.≈≈≈≈#..# #.#.# #.# #....#
#......≈≈≈≈#..# #)#[# #.#####..#
####.#.≈≈≈≈#..####.#.# #........#


You could see a big kobold (confused).

Vanquished Creatures
  A howler monkey (D:3)
  2 adders
  2 oozes
  4 orcs
  4 bats
  2 giant cockroaches (D:1)
  8 hobgoblins
  2 jackals (D:1)
  2 frilled lizards
  6 goblins
  15 kobolds
  6 rats
54 creatures vanquished.

Notes
Turn   | Place    | Note
-------+----------+-------------------------------------------
     0 | D:1      | Rrauwl the Halfling Assassin began the quest for the Orb.
     0 | D:1      | Reached XP level 1. HP: 14/14 MP: 1/1
   192 | D:1      | Reached XP level 2. HP: 10/19 MP: 2/2
   732 | D:1      | Reached XP level 3. HP: 23/25 MP: 3/3
   759 | D:1      | Reached skill level 5 in Stealth
  1525 | D:3      | Reached XP level 4. HP: 31/31 MP: 4/4
  1951 | D:3      | Reached XP level 5. HP: 37/37 MP: 5/5
  2262 | D:3      | Noticed a big kobold
  2263 | D:3      | Noticed a big kobold
  2312 | D:3      | Slain by a big kobold

Skill      XL: |  1  2  3  4  5 |
---------------+----------------+-----
Fighting       | 2 3 4 |  4.2
Stealth        | 5 |  5.0
Short Blades   | |  2.4
Throwing       | |  2.0
Dodging        | |  1.1

Action                   |  1- 3 |  4- 6 || total
-------------------------+-------+-------++-------
Melee: Dagger            |   116 |    95 ||   211
Evoke: Wand              |       |     1 ||     1
  Use: Scroll            |     2 |     1 ||     3
       Potion            |     1 |     3 ||     4
 Stab: Sleeping          |    11 |     7 ||    18
       Distracted        |       |     1 ||     1
  Eat: Chunk             |     2 |     2 ||     4
Armor: Robe              |    19 |    15 ||    34
Dodge: Dodged            |    65 |    44 ||   109
